 Dungeon Crawl Stone Soup version 0.29.0-13-gc9e81de378 (webtiles) character file.

Game seed: 4491063744167840635

258 BreadTh the Chopper (level 6, -1/57 HPs)
             Began as a Hill Orc Cinder Acolyte on Sept 10, 2022.
             Was a High Priest of Ignis.
             Slain by Blork the orc
             ... wielding a +2 mace of venom
              (6 damage)
             ... on level 3 of the Dungeon.
             The game lasted 00:10:39 (3532 turns).

BreadTh the Chopper (Hill Orc Cinder Acolyte)       Turns: 3532, Time: 00:10:39

Health: -1/57      AC:  6    Str: 17    XL:     6   Next: 16%
Magic:  7/7        EV: 11    Int: 14    God:    Ignis [*****.]
Gold:   106        SH:  0    Dex:  8    Spells: 5/7 levels left

rFire   + + .      SeeInvis .   e - +1 hand axe (vamp)
rCold   . . .      Faith    .   (no shield)
rNeg    . . .      Spirit   .   j - +1 leather armour {rF+}
rPois   .          Reflect  .   (no helmet)
rElec   .          Harm     .   c - +0 cloak
rCorr   .          Rampage  .   (no gloves)
Will    .....                   i - +0 pair of boots
Stlth   +.........              (no amulet)
HPRegen 0.19/turn               (no ring)
MPRegen 0.10/turn               (no ring)

@: lethally poisoned (-1 -> -2)
A: no striking features
a: Renounce Religion, Fiery Armour, Foxfire Swarm, Rising Flame


You were on level 3 of the Dungeon.
You worshipped Ignis.
Ignis was extremely pleased with you.
You visited 1 branch of the dungeon, and saw 4 of its levels.

You collected 106 gold pieces.

Inventory:

Hand Weapons
 a - a -1 hand axe of flaming
 b - a +0 war axe
 e - a +1 vampiric hand axe (weapon)
Missiles
 f - 3 boomerangs (quivered)
 g - 6 javelins
 m - a throwing net
 p - 26 stones
Armour
 c - a +0 cloak (worn)
 h - a scarf of shadows
 i - a +0 pair of boots (worn)
 j - a +1 leather armour of fire resistance (worn)
Jewellery
 q - a ring of protection from fire
Scrolls
 k - 2 scrolls of fear {unknown}
 n - a scroll of poison {unknown}
Potions
 d - 2 potions of mutation {unknown}
 l - a potion of invisibility {unknown}
 o - a potion of might {unknown}


   Skills:
 * Level 6.2 Fighting
 * Level 6.8 Axes
 - Level 1.0 Spellcasting
 - Level 3.2 Fire Magic


You had 5 spell levels left.
You knew the following spells:

 Your Spells              Type           Power      Damage    Failure   Level
a - Scorch                Fire           18%        2d6       13%         2

Your spell library contained the following spells:

 Spells                   Type           Power      Damage    Failure   Level
 Malign Gateway           Summ/Tloc      0%         N/A       100%        7
 Summon Horrible Things   Summ           0%         N/A       100%        8


Dungeon Overview and Level Annotations

Branches:
Dungeon (4/15)
 Temple: D:4-7

Altars:

Shops:
D:3 [

Annotations:
D:3 Blork the orc


Message History

You hit the endoplasm but do no damage.
The endoplasm is moderately wounded.
You hit the giant cockroach. The endoplasm freezes you.
You are frozen.
The giant cockroach closely misses you.
You barely miss the endoplasm.
The endoplasm is moderately wounded.
You hit the giant cockroach.
You feel better.
You kill the giant cockroach!
The endoplasm closely misses you.
You hit the endoplasm.
You kill the endoplasm!
Blork the orc screams, "I'll break your legs!"
Blork the orc hits you with a +2 mace of venom!
You are poisoned.
The orc closely misses you.
You climb upwards.
You feel very sick.
There is a stone staircase leading down here.
Blork the orc attacks as you move away!
Blork the orc hits you with a +2 mace of venom.
You feel very sick.
Blork the orc points at you and mumbles some strange words.
The puff of flame hits you. You resist. The orc hits you with a +0 club.
The orc attacks as you move away! The orc closely misses you.
You feel very sick. The orc attacks as you move away!
The orc hits you but does no damage.
You feel sick. The orc attacks as you move away!
The orc hits you with a +0 club.
* * * LOW HITPOINT WARNING * * *
You feel sick.
Blork the orc casts a spell.
Blork the orc seems to speed up.
You feel sick. The orc attacks as you move away!
The orc hits you with a +0 club.
* * * LOW HITPOINT WARNING * * *
You feel sick. Blork the orc closely misses you.
You feel sick.
Blork the orc hits you with a +2 mace of venom.
You die...

.......# #..## .......#
#####...# .......#
##†.##.### .......#
###.†...## .......#
#.†.....# .......#
#.##....##### .[.....#
#.##...##...# .......#
#.######....# .#######
#...@o......# .#########
###..o......# .'...#...#
#.........#
.###.#.#.######.........#
..............'......).>#
...#.#.########.........#
........# #########.#
.###.#..# #.# .....#..#
######.###


You could see Blork the orc (fast) and an orc.

Vanquished Creatures
  An ogre (D:3)
  Ijyb (D:3)
  Terence (D:3)
  2 adders
  A gnoll (D:1)
  A worm (D:2)
  An orc (D:3)
  6 endoplasms
  7 giant cockroaches
  6 hobgoblins
  7 jackals
  5 quokkas
  4 ball pythons
  7 bats
  4 frilled lizards
  7 kobolds
  26 rats
87 creatures vanquished.

Notes
Turn   | Place    | Note
-------+----------+-------------------------------------------
     0 | D:1      | BreadTh the Hill Orc Cinder Acolyte began the quest for the
                  | Orb.
     0 | D:1      | Reached XP level 1. HP: 19/19 MP: 2/2
   354 | D:1      | Reached XP level 2. HP: 23/27 MP: 3/3
   407 | D:1      | Learned a level 2 spell: Scorch
   697 | D:1      | Found a faded altar of an unknown god.
   705 | D:1      | Reached XP level 3. HP: 25/34 MP: 4/4
  1162 | D:1      | Reached skill level 5 in Axes
  1599 | D:2      | Reached XP level 4. HP: 35/41 MP: 5/5
  1834 | D:2      | Reached skill level 5 in Fighting
  2167 | D:3      | Found Diota's Antique Armour Shop.
  2248 | D:3      | Noticed Ijyb
  2290 | D:3      | Killed Ijyb
  2685 | D:3      | Noticed Terence
  2700 | D:3      | Killed Terence
  2701 | D:3      | Reached XP level 5. HP: 29/48 MP: 4/6
  3460 | D:4      | Noticed a phantom
  3460 | D:4      | Noticed an ogre
  3470 | D:3      | Killed an ogre
  3471 | D:3      | Reached XP level 6. HP: 39/57 MP: 7/7
  3516 | D:4      | Noticed Blork the orc
  3532 | D:3      | Slain by Blork the orc

Illustrated notes

Levels and vault maps discovered:
D:1:      heliophobic_arrival_battle_scene, layout_loops_ring,
          ebering_ecumenical_altar_ruins
D:2:      layout_basic
D:3:      layout_basic, serial_shops, shop, minmay_rat_hole, uniq_ijyb,
          uniq_terence
D:4:      layout_rooms, grunt_temple_overflow_gold_and_silver,
          uniq_blork_the_orc

Skill      XL: |  1  2  3  4  5 |
---------------+----------------+-----
Fighting       | 4 5 6 |  6.2
Axes           | 5 6 |  6.8
Spellcasting   | |  1.0
Fire Magic     | |  3.2

Action                   |  1- 3 |  4- 6 || total
-------------------------+-------+-------++-------
Melee: Hand axe          |   166 |   129 ||   295
       Punch             |     1 |       ||     1
 Cast: Scorch            |       |     1 ||     1
Armor: Robe              |    31 |       ||    31
       Ring mail         |    27 |    19 ||    46
       Leather armour    |       |    20 ||    20
Dodge: Dodged            |   109 |    54 ||   163
